 Dungeon Sprint DCSS version 0.31-a0-656-gb4d89c20fa (webtiles) character file.

Game seed: 6724818765131024697

2 rocky1 the Charlatan (level 1, 9/17 HPs)
             Began as a Djinni Artificer on Aug 31, 2023.
             Quit the game in the Dungeon (Sprint IX: "|||||||||||||||||||||||||||||").
             The game lasted 00:00:06 (19 turns).

rocky1 the Charlatan (Djinni Artificer)               Turns: 19, Time: 00:00:07

Health: 9/17       AC:  3    Str: 11    XL:     1   Next: 33%
Gold:   0          EV: 12    Int: 12    God:
                   SH:  0    Dex: 13

rFire   + + .        a - +0 club
rCold   x . .        (no shield)
rNeg    . . .        b - +0 leather armour
rPois   ∞            (no helmet)
rElec   .            (no cloak)
rCorr   .            (no gloves)
SInv    .            (boots unavailable)
Will    .....        (no amulet)
Stlth   +            (no ring)
HPRegen 0.22/turn    (no ring)
MPRegen 0.00/turn

%: no teleportation
@: flying
A: sickness immunity, fire resistance 2, cold vulnerability 1, float, innate
caster, HP casting, extra vitality 1
a: no special abilities


You were in the Dungeon.
You visited 1 branch

Inventory:

Hand Weapons
 a - a +0 club (weapon)
Armour
 b - a +0 leather armour (worn)
Wands
 c - a wand of flame (15) (quivered)
 d - a wand of charming (15)
 e - a wand of iceblast (5)
Scrolls
 j - a scroll of blinking
Potions
 f - a potion of curing
 g - a potion of heal wounds
 h - a potion of haste
 i - a potion of berserk rage


   Skills:
 + Level 1.0 Fighting
 + Level 1.0 Armour
 + Level 2.4 Dodging
 + Level 0.7 Stealth
 + Level 3.7 Evocations You didn't know any spells. Your spell library was empty.

Dungeon Overview and Level Annotations

Branches:
Dungeon (1/1)

Altars:


Innate Abilities, Weirdness & Mutations

You are immune to sickness and miasma.
You are immune to poison.
Your flesh is very heat resistant. (rF++)
You are vulnerable to cold. (rC-)
You float through the air rather than walking.
You learn spells naturally, not from books.
Your magical power is your life essence.
You have superior vitality. (+4 MHP)


Message History

You closely miss the goblin. The goblin hits you but does no damage.
You hit the goblin but do no damage. The goblin hits you but does no damage.
You hit the goblin.
The goblin is moderately wounded.
The goblin hits you with a +0 club.
You hit the goblin.
The goblin is severely wounded.
The goblin hits you with a +0 club. x2
You miss the goblin.
The goblin is severely wounded.
The goblin barely misses you.
You hit the goblin.
You kill the goblin!
You hit the rat.
The rat is heavily wounded.
The rat bites you but does no damage. The rat barely misses you.
You closely miss the rat.
The rat is heavily wounded.
The rat closely misses you.
You hit the rat.
You kill the rat!
You barely miss the endoplasm. The endoplasm hits you.
The endoplasm freezes you.
You are frozen.
You hit the endoplasm.
The endoplasm is moderately wounded.
The endoplasm freezes you.
You are frozen.
You feel a terrible chill!
You barely miss the endoplasm.
The endoplasm is moderately wounded.
The endoplasm completely misses you.
You hit the endoplasm.
The endoplasm is severely wounded.
The endoplasm hits you but does no damage.
You hit the endoplasm but do no damage.
The endoplasm is severely wounded.
The endoplasm freezes you.
You are frozen.
The endoplasm barely misses you.
Unknown command.
Are you sure you want to abandon this character and quit the game? (Confirm with "yes".)

▓+▓
▓.▓
▓.▓
▓l▓
▓g▓
▓J▓
▓@▓
▓.▓
▓.▓
▓.▓
▓<▓
▓▓▓


You could see an endoplasm, a goblin and a frilled lizard.

Vanquished Creatures
  A goblin (D)
  A rat (D)
2 creatures vanquished.

Notes
Turn   | Place    | Note
-------+----------+-------------------------------------------
     0 | D        | rocky1 the Djinni Artificer began the quest for the Orb.
     0 | D        | Reached XP level 1. HP: 17/17 MP: 0/0
    19 | D        | Quit the game

Illustrated notes

Levels and vault maps discovered:
D:        linesprint [early_d, line_temple, items_1, d_10, items_2, lair_1,
          lair_end, items_3, orc_1, orc_end, items_4, d_15, swamp_1, shoals_1,
          snake_1, spider_1, d_20, vaults_1, items_5, swamp_end, shoals_end,
          snake_end, spider_end, vaults_end, d_27, items_6, zot_1, zot_end,
          crypt_end, forest_end, elf_end, slime_end, tomb_end, abyss_end,
          pan_hell_end]

Action                     || total
---------------------------++-------
  Melee: Club              ||    14
 Armour: Leather armour    ||     4
  Dodge: Dodged            ||     6

Table legend: (Time is in decaauts)
 A = Elapsed time spent in this place.
 B = Non-inter-level travel time spent in this place.
 C = Inter-level travel time spent in this place.
 D = Time resting spent in this place.
 E = Time spent auto-exploring this place.
 F = Levels seen in this place.
 G = Mean time per level.
                   A        B        C        D        E       F      G
               +--------+--------+--------+--------+--------+-----+--------+
         Total |     23 |     23 |      0 |      0 |      0 |   1 |   23.0 |
       Dungeon |     23 |     23 |      0 |      0 |      0 |   1 |   23.0 |
               +--------+--------+--------+--------+--------+-----+--------+

Top non-repeatable levels by time:
       D: 23 daAuts
